 Dungeon Crawl Stone Soup version 0.29-a0-384-g6960b1960d (webtiles) character file.

Game seed: 13879291046305453753

226 NinjaNoafa the Poker (level 5, -5/63 HPs)
             Began as a Demonspawn Gladiator on May 6, 2022.
             Killed by divine providence
             ... invoked by an orc priest
              (13 damage)
             ... on level 4 of the Dungeon.
             The game lasted 00:06:27 (3959 turns).

NinjaNoafa the Poker (Demonspawn Gladiator)         Turns: 3959, Time: 00:06:28

Health: -5/63      AC: 22    Str: 12 (14) XL:     5   Next: 69%
Magic:  14/14      EV:  2    Int:  7 (9)  God:
Gold:   290        SH:  0    Dex: 15 (17) Spells: 4/4 levels left

rFire   + . .      SeeInvis +   n - +4 trident of Earthquakes {protect, rF+ rN+ rCorr SInv}
rCold   . . .      Faith    .   (no shield)
rNeg    + . .      Spirit   .   (body armour currently unavailable)
rPois   +          Reflect  .   (helmet currently unavailable)
rElec   .          Harm     .   (cloak currently unavailable)
rCorr   +          Rampage  .   (gloves currently unavailable)
Will    .....      NoTele   +   (boots currently unavailable)
Stlth   +.........              (no amulet)
HPRegen 0.20/turn               o - ring of magical power
MPRegen 0.14/turn               (no ring)

@: tree-form, attractive
A: stationary, stasis, torment immunity, boosted hp, rugged brown scales 2,
powered by pain 1
a: no special abilities


You were on level 4 of the Dungeon.
You were a tree.
You visited 1 branch of the dungeon, and saw 4 of its levels.

You collected 290 gold pieces.

Inventory:

Hand Weapons
 n - the +4 trident of Earthquakes (weapon) {protect, rF+ rN+ rCorr SInv}
   (You took it off a kobold on level 2 of the Dungeon)

   It grants its wielder temporary protection when it strikes (+7 to AC).
   rF:        It protects you from fire.
   rN:        It protects you from negative energy.
   SInv:      It lets you see invisible.
   rCorr:     It protects you from acid and corrosion.
Missiles
 d - 3 throwing nets
 e - a javelin (quivered)
 f - 171 stones
 g - 2 silver javelins
 h - 4 poisoned darts
 q - 5 boomerangs
Armour
 b - a +0 leather armour (melded)
 c - a +0 helmet (melded)
Jewellery
 o - a ring of magical power (left branch)
Scrolls
 i - 5 scrolls of identify {unknown}
 m - 2 scrolls of poison {unknown}
 p - a scroll of enchant armour {unknown}
 r - a scroll of fog {unknown}
Potions
 j - a potion of lignification
 k - a potion of attraction
 l - a potion of degeneration


   Skills:
 + Level 2.9 Fighting
 + Level 3.4 Polearms
 + Level 2.7 Throwing
 + Level 3.4 Dodging
 * Level 2.1 Conjurations
 * Level 1.8 Air Magic


You had 4 spell levels left.
You didn't know any spells.
Your spell library contained the following spells:

 Spells                   Type           Power      Damage    Failure   Level
 Shock                    Conj/Air       8%         1d3       22%         1
 Swiftness                Air            2%         N/A       54%         3
 Sublimation of Blood     Necr           0%         N/A       56%         2
 Wereblood                Tmut           0%         N/A       56%         2
 Airstrike                Air            1%         N/A       91%         4
 Summon Hydra             Summ           0%         N/A       100%        7


Dungeon Overview and Level Annotations

Branches:
Dungeon (4/15)
 Temple: D:4-7

Altars:


Innate Abilities, Weirdness & Mutations

You are a tree.
Your roots penetrate the ground, keeping you stationary.
You cannot be teleported.
You are immune to unholy pain and torment.
Your maximum health is greatly increased.
Your equipment is partially melded.
(You are mostly covered in rugged brown scales. (AC +2, +5% HP))
You sometimes gain a little power by taking damage.


Message History

Beogh smites you!
* * * LOW HITPOINT WARNING * * *
The orc barely misses you. The orc hits you but does no damage.
Really quaff the potion of lignification?
You turn into a tree.
Your +0 helmet melds into your body.
Your +0 leather armour melds into your body.
Your roots penetrate the ground.
The orc priest hits you but does no damage. x2
The orc hits you but does no damage. x2
It was a potion of attraction.
You feel attractive to monsters.
The orc priest calls upon Beogh to heal the orc priest.
The orc priest is healed somewhat.
The orc priest calls down the wrath of Beogh upon you.
Beogh smites you!
* * * LOW HITPOINT WARNING * * *
The orc hits you but does no damage. x2
It was a potion of degeneration.
There was something very wrong with that liquid.
You feel weakened.
You feel dopey.
You feel clumsy.
The orc priest hits you but does no damage. x2
The orc hits you but does no damage. x2
It was a potion of flight.
Your roots keep you in place.
The orc priest hits you but does no damage.
The orc priest hits you with a +0 hand axe.
* * * LOW HITPOINT WARNING * * *
The orc hits you but does no damage. The orc barely misses you.
It was a potion of curing.
You feel better.
The orc priest hits you but does no damage.
The orc priest looks satisfied for a moment.
The orc hits you with a +3 dagger.
* * * LOW HITPOINT WARNING * * *
The orc hits you but does no damage.
As you read the scroll labelled WUJIATANLU, it crumbles to dust.
It is a scroll of enchant weapon.
You aren't carrying any weapons that can be enchanted.
The orc priest hits you but does no damage.
The orc priest mumbles some strange prayers to Beogh against you.
Beogh smites you!
You die...

#..........#.#.......#
#..
#..........#)##.#.##.#
#..
#...............#.##.#
#..
########'###.##.#.##.#
#.. #....#.....##.#.##.#
#..
#..........#....#######
.###########............
......o.................
.....So♣..##+###).......
......oo..#.............
..........#.............
..........#....†........
..............##........
.#............##........
#............########..
#...≈....≈...# #..
........###### #..


You could see 2 orc priests, 2 orcs and a ball python.

Vanquished Creatures
  A bullfrog (D:3)
  An iguana (D:3)
  3 gnolls (D:3)
  3 adders
  3 worms (D:2)
  A dart slug (D:3)
  10 orcs
  2 endoplasms
  A giant cockroach (D:4)
  10 goblins
  A hobgoblin (D:1)
  3 quokkas
  7 ball pythons
  A bat (D:1)
  4 frilled lizards
  5 kobolds
  4 rats
60 creatures vanquished.

Vanquished Creatures (others)
  A fungus (D:1)
1 creature vanquished.

Grand Total: 61 creatures vanquished

Notes
Turn   | Place    | Note
-------+----------+-------------------------------------------
     0 | D:1      | NinjaNoafa the Demonspawn Gladiator began the quest for the
                  | Orb.
     0 | D:1      | Reached XP level 1. HP: 16/16 MP: 1/1
   394 | D:1      | Gained mutation: You sometimes gain a little power by
                  | taking damage. [demonic ancestry]
   394 | D:1      | Reached XP level 2. HP: 22/22 MP: 2/2
   953 | D:2      | HP: 1/33 [worm (1)]
  1217 | D:2      | Identified the +4 trident of Earthquakes {protect, rF+ rN+
                  | rCorr SInv}
  1230 | D:2      | Gained mutation: You are partially covered in rugged brown
                  | scales. (AC +1, +3% HP) [demonic ancestry]
  1230 | D:2      | Reached XP level 3. HP: 9/28 MP: 3/3
  1645 | D:2      | Found a faded altar of an unknown god.
  2228 | D:3      | Noticed a bullfrog
  2246 | D:3      | Killed a bullfrog
  2247 | D:3      | Reached skill level 1 in Conjurations
  2247 | D:3      | Reached skill level 1 in Air Magic
  2247 | D:3      | Gained mutation: You are mostly covered in rugged brown
                  | scales. (AC +2, +5% HP) [demonic ancestry]
  2247 | D:3      | Reached XP level 4. HP: 4/35 MP: 4/4
  2582 | D:3      | Reached XP level 5. HP: 29/40 MP: 5/5
  3957 | D:4      | HP: 3/63 [orc priest/+0 hand axe (1)]
  3959 | D:4      | Killed from afar by an orc priest

Illustrated notes

Levels and vault maps discovered:
D:1:      wander_arrival_fairy_ring, layout_basic
D:2:      layout_basic, dreamdust_ecumenical_altar_statues,
          amcnicky_mini_pool_small
D:3:      layout_rooms, serial_glass, glass_columns_b, glass_columns_b,
          grunt_ministairs_10, kennysheep_generic_room_7
D:4:      layout_basic, skrybe_limestone_x, chequers_serial_rivers_micro_c

Skill      XL: |  1  2  3  4  5 |
---------------+----------------+-----
Throwing       | 2 |  2.7
Polearms       | 3 |  3.4
Dodging        | 3 |  3.4
Conjurations   | 1 2 |  2.1
Air Magic      | 1 |  1.8
Fighting       | |  2.9

Action                   |  1- 3 |  4- 6 || total
-------------------------+-------+-------++-------
Melee: Trident           |    95 |    68 ||   163
       Spear             |    17 |       ||    17
       Punch             |     1 |       ||     1
Throw: Javelin           |     1 |     6 ||     7
  Use: Potion            |     3 |     5 ||     8
       Scroll            |       |     1 ||     1
 Stab: Distracted        |     1 |       ||     1
       Sleeping          |     2 |     1 ||     3
Armor: Leather armour    |    32 |    27 ||    59
       Skin              |     8 |    15 ||    23
Dodge: Dodged            |    69 |    55 ||   124

Table legend: (Time is in decaauts)
 A = Elapsed time spent in this place.
 B = Non-inter-level travel time spent in this place.
 C = Inter-level travel time spent in this place.
 D = Time resting spent in this place.
 E = Time spent auto-exploring this place.
 F = Levels seen in this place.
 G = Mean time per level.
                   A        B        C        D        E       F      G
               +--------+--------+--------+--------+--------+-----+--------+
         Total |   3983 |   3921 |     62 |    372 |   3041 |   4 |  995.8 |
       Dungeon |   3983 |   3921 |     62 |    372 |   3041 |   4 |  995.8 |
               +--------+--------+--------+--------+--------+-----+--------+

Top non-repeatable levels by time:
     D:3: 1338 daAuts
     D:2: 1243 daAuts
     D:1: 949 daAuts
     D:4: 452 daAuts
